 Dungeon Crawl Stone Soup version 0.26.1-11-gd32895ea62 (webtiles) character file.

Game seed: 8273952441800299968

30 bits the Grave Robber (level 3, -7/28 HPs)
             Began as a Deep Dwarf Necromancer on June 24, 2021.
             Mangled by Terence
             ... wielding a +4 mace of holy wrath
              (8 damage)
             ... on level 2 of the Dungeon.
             The game lasted 00:05:51 (1075 turns).

bits the Grave Robber (Deep Dwarf Necromancer)      Turns: 1075, Time: 00:05:51

Health: -7/28      AC:  2    Str: 11    XL:     3   Next: 3%
Magic:  1/6        EV: 12    Int: 16    God:
Gold:   33         SH:  0    Dex: 13    Spells: 5/6 levels left

rFire    . . .     SeeInvis .   e - +0 mace
rCold    . . .     Faith    .   (no shield)
rNeg     . . .     Spirit   .   a - +0 robe
rPois    .         Reflect  .   (no helmet)
rElec    .         Harm     .   (no cloak)
rCorr    .         Rampage  .   (no gloves)
Will     .....                  (no boots)
Stlth    ++........             (no amulet)
HPRegen  0.00/turn              (no ring)
MPRegen  0.10/turn              (no ring)

@: non-regenerating
A: damage resistance, heal wounds, sense surroundings 1, no regeneration
a: Heal Wounds


You were on level 2 of the Dungeon.
You visited 1 branch of the dungeon, and saw 2 of its levels.

You collected 33 gold pieces.

Inventory:

Hand Weapons
 b - a +0 club
 e - a +0 mace (weapon)
Armour
 a - a +0 robe (worn)
Scrolls
 c - 2 scrolls of immolation {unknown}
 f - a scroll of remove curse {unknown}
 g - a scroll of identify {unknown}
Potions
 d - a potion of flight {unknown}
 h - a potion of curing {unknown}


   Skills:
 + Level 0.1 Fighting
 + Level 2.3 Dodging
 + Level 2.4 Stealth
 + Level 2.1 Spellcasting
 + Level 5.1 Necromancy


You had 5 spell levels left.
You knew the following spells:

 Your Spells              Type           Power        Failure   Level
a - Pain                  Necr           72%          2%          1

Your spell library contained the following spells:

 Spells                   Type           Power        Failure   Level
 Animate Skeleton         Necr           36%          2%          1
 Vampiric Draining        Necr           9%           8%          3
 Animate Dead             Necr           9%           24%         4
 Agony                    Necr           18%          56%         5


Dungeon Overview and Level Annotations

Branches:
Dungeon (1/15)

Altars:

Annotations:
D:2 Terence


Innate Abilities, Weirdness & Mutations

You are resistant to damage.
You can heal yourself by infusing magical energy.
You passively map a small area around you.
You do not regenerate.


Message History

* * * LOW HITPOINT WARNING * * *
The goblin hits you with a +0 dagger. Terence barely misses you.
You closely miss Terence.
Terence is heavily wounded.
The quokka barely misses you. The goblin hits you with a +0 dagger.
* * * LOW HITPOINT WARNING * * *
The quokka barely misses you.
Terence says, "Don't bother to defend, it's pointless."
Terence misses you.
You barely miss Terence.
Terence is heavily wounded.
The quokka barely misses you. The goblin closely misses you.
Terence barely misses you.
The quokka bites you but does no damage.
The goblin closely misses you.
You hit Terence.
Terence is severely wounded.
The quokka closely misses you.
Terence hits you with a +4 mace of holy wrath!
You die...

*#### #..r
########..#
#..@@†#..#
#..gr..)# ,
#......##
#.....##
#####.#* *
* #.# , , *
#.. * ####
, *


You could see Terence, a quokka and a goblin.

Vanquished Creatures
  A dart slug (D:1)
  A leopard gecko (D:1)
  A ball python (D:1)
  4 bats (D:1)
  A giant cockroach (D:2)
  4 goblins (D:1)
  2 hobgoblins (D:1)
  4 jackals (D:1)
  3 kobolds
  2 rats (D:1)
23 creatures vanquished.

Notes
Turn   | Place    | Note
-------+----------+-------------------------------------------
     0 | D:1      | bits the Deep Dwarf Necromancer began the quest for the
                  | Orb.
     0 | D:1      | Reached XP level 1. HP: 15/15 MP: 3/3
   366 | D:1      | Reached XP level 2. HP: 17/22 MP: 2/4
   781 | D:1      | Reached skill level 5 in Necromancy
  1060 | D:1      | You fall into a shaft and drop 1 floor!
  1061 | D:2      | Noticed Terence
  1063 | D:2      | Reached XP level 3. HP: 14/28 MP: 3/6
  1073 | D:2      | HP: 1/28 [goblin/+0 dagger (1)]
  1075 | D:2      | Mangled by Terence

Illustrated notes

Levels and vault maps discovered:
D:1:      minmay_arrival_four_loops, layout_basic, kennysheep_boxes
D:2:      layout_rooms, overflow_temple_1_default, uniq_crazy_yiuf_cottage,
          uniq_robin, uniq_terence

Skill      XL: |  1  2 |
---------------+-------+-----
Spellcasting   | 2 |  2.1
Necromancy     | 5 |  5.1
Fighting       | |  0.1
Dodging        | |  2.3
Stealth        | |  2.4

Action                   || total
-------------------------++-------
Melee: Unarmed           ||     5
       Club              ||    12
       Mace              ||     6
 Cast: Pain              ||    47
Armor: Robe              ||     8
Dodge: Dodged            ||    31
